 Dungeon Crawl Stone Soup version 0.30.0-20-g3b4254fcbd (webtiles) character file.

Game seed: 12770520550134267790

993 Graphine the Conjurer (level 7, -5/41 HPs)
             Began as a Deep Elf Conjurer on June 2, 2023.
             Was an Initiate of Ashenzari.
             Killed from afar by a steam dragon (8 damage)
             ... with a ball of steam
             ... on level 5 of the Dungeon.
             The game lasted 00:23:33 (6362 turns).

Graphine the Conjurer (Deep Elf Conjurer)           Turns: 6362, Time: 00:23:36

Health: -5/41      AC:  6    Str:  4    XL:     7   Next: 98%
Magic:  1/17       EV: 12    Int: 25    God:    Ashenzari [......]
Gold:   230        SH:  5    Dex: 13    Spells: 5/17 levels left

rFire   . . .        (no weapon)
rCold   . . .        (no shield)
rNeg    . . .        a - +0 robe
rPois   .            (no helmet)
rElec   .            r - +0 cloak
rCorr   .            i - +0 pair of gloves
SInv    .            (no boots)
Will    .....        e - amulet of reflection
Stlth   ++           j - ring "Shattered Together" {Wiz, Cun, Bglg} (curse)
HPRegen 0.26/turn    (no ring)
MPRegen 0.15/turn

%: reflection, clarity, wizardry (x1)
@: very slightly contaminated
A: iridescent scales 1, clarity, mutation resistance 1
a: Renounce Religion, Shatter the Chains


You were on level 5 of the Dungeon.
You worshipped Ashenzari.
Ashenzari was noncommittal.
You visited 2 branches of the dungeon, and saw 6 of its levels.

You collected 230 gold pieces.

Inventory:

Missiles
 b - 2 throwing nets
Armour
 a - a +0 robe (worn)
 i - a +0 pair of gloves (worn)
 r - a +0 cloak (worn)
Jewellery
 e - an amulet of reflection (around neck)
 j - the cursed ring "Shattered Together" (left hand) {Wiz, Cun, Bglg}
   (You found it on level 4 of the Dungeon)

   [ring of wizardry]

   It improves your spell success rate.
   It has a curse which improves the following skills: Cunning: Dodging and
   Stealth.
   Beguiling: Conjurations, Hexes and Translocations.
Wands
 l - a wand of roots (7)
 p - a wand of polymorph (9)
Scrolls
 m - a scroll of fog
 n - a scroll of magic mapping
Potions
 c - a potion of might {unknown}
 d - a potion of mutation
 f - a potion of experience {unknown}
 g - a potion of brilliance {unknown}
 h - 2 potions of lignification {unknown}
 k - 2 potions of curing
 o - 2 potions of flight {unknown}


   Skills:
 + Level 3.1 Fighting
 - Level 2.4(2.8) Dodging
 - Level 2.4(2.8) Stealth
 + Level 5.9 Spellcasting
 * Level 7.7(8.1) Conjurations
 - Level 5.0(5.3) Hexes
 + Level 1.8 Ice Magic


You had 5 spell levels left.
You knew the following spells:

 Your Spells              Type           Power      Damage    Failure   Level
a - Magic Dart            Conj           100%       1d8       1%          1
b - Tukima's Dance        Hex            34%        N/A       1%          3
c - Call Canine Familiar  Summ           7%         N/A       9%          3
d - Freezing Cloud        Conj/Ice/Air   11%        6-21      21%         5

Your spell library contained the following spells:

 Spells                   Type           Power      Damage    Failure   Level
 Searing Ray              Conj           96%        2d7       1%          2
 Dazzling Flash           Conj/Hex       82%        N/A       1%          3
 Fulminant Prism          Conj/Hex       20%        3d12      1%          4
 Mephitic Cloud           Conj/Pois/Air  20%        N/A       3%          3
 Portal Projectile        Hex/Tloc       40%        N/A       3%          3
 Poisonous Vapours        Pois/Air       14%        N/A       4%          2
 Iskenderun's Mystic Bla  Conj/Tloc      27%        2d7       6%          4
 Leda's Liquefaction      Hex/Erth       10%        N/A       11%         4
 Yara's Violent Unravell  Hex/Tmut       10%        3d6       26%         5
 Passage of Golubria      Tloc           7%         N/A       28%         4
 Blade Hands              Tmut           3%         N/A       61%         5


Dungeon Overview and Level Annotations

Branches:
Dungeon (5/15)             Temple (1/1) D:4

Altars:
Ashenzari
Cheibriados
Dithmenos
Elyvilon
Fedhas
Gozag
Hepliaklqana
Kikubaaqudgha
Makhleb
Nemelex Xobeh
Okawaru
Ru
Trog
Uskayaw
Wu Jian
Yredelemnul
Zin
The Shining One


Innate Abilities, Weirdness & Mutations

You are partially covered in iridescent scales. (AC +2)
You possess an exceptional clarity of mind.
You are somewhat resistant to further mutation.


Message History

Aim: a steam dragon (steam, moderately wounded)
The roots erupt in riotous growth!
Roots grab the steam dragon.
The grasping roots constrict the steam dragon.
The steam dragon struggles to escape constriction.
The grasping roots constrict the steam dragon!
The roots release their grip on the steam dragon.
Aiming: Fastroot
Press: ? - help, Shift-Dir - straight line, f/p - steam dragon
Aim: a steam dragon (heavily wounded)
The roots erupt in riotous growth!
Roots grab the steam dragon.
The grasping roots constrict the steam dragon.
The steam dragon breathes steam at you. The ball of steam hits you!!
Ouch! That really hurt!
* * * LOW HITPOINT WARNING * * *
The roots lose their grip on something.
Aiming: Fastroot
Press: ? - help, Shift-Dir - straight line, f/p - steam dragon
Aim: a steam dragon (steam, severely wounded, catching its breath)
The roots erupt in riotous growth!
Roots grab the steam dragon.
The grasping roots constrict the steam dragon.
The steam dragon struggles to escape constriction.
Casting: Freezing Cloud (extremely dangerous; 21% risk of failure)
Confirm with . or Enter, or press ? or * to list all spells.
You don't have enough magic to cast this spell.
Really walk into that cloud of steam?
Okay, then.
Casting: Freezing Cloud (extremely dangerous; 21% risk of failure)
Confirm with . or Enter, or press ? or * to list all spells.
You don't have enough magic to cast this spell.
Casting: Freezing Cloud (extremely dangerous; 21% risk of failure)
Confirm with . or Enter, or press ? or * to list all spells.
The grasping roots constrict the steam dragon.
The roots release their grip on the steam dragon.
The steam dragon breathes steam at you. The ball of steam hits you!
You die...

# # # ## ###.
###### ##..#
#§§..#### ###..##
##§h§D...#####...##
##.§@##§.........##
##..§######.....>##
##...## ###...##
##...## ##..#
##...## ##.#
##...## #.##
##...## #..#
##...## #..#
##...## ####


You could see a steam dragon (catching breath, ally target) and a friendly hound
(summoned).

Vanquished Creatures
  A nameless horror (D:2)
  The ghost of EC1 the Chopper, an amateur HuMo (D:2)
  2 ice beasts
  A bullfrog (D:2)
  A scorpion (D:5)
  An orc priest (D:3)
  A sleepcap (D:4)
  An iguana (D:4)
  9 gnolls
  5 adders
  A river rat (D:3)
  A white imp (D:5)
  2 ufetubi
  2 worms
  4 dart slugs
  3 orcs
  6 endoplasms
  4 giant cockroaches
  6 goblins
  2 hobgoblins
  8 kobolds
  5 ball pythons
  3 bats (D:1)
  3 frilled lizards (D:1)
  3 rats
76 creatures vanquished.

Vanquished Creatures (collateral kills)
  A scorpion (D:4)
  A nameless horror (D:5)
  A jelly (D:5)
  An iguana (D:5)
  10 gnolls
  A river rat (D:3)
  A shadow imp (D:5)
  2 orcs (D:5)
  A goblin (D:3)
  A hobgoblin (D:3)
  3 kobolds (D:3)
23 creatures vanquished.

Vanquished Creatures (others)
  6 dancing weapons
6 creatures vanquished.

Grand Total: 105 creatures vanquished

Notes
Turn   | Place    | Note
-------+----------+-------------------------------------------
     0 | D:1      | Graphine the Deep Elf Conjurer began the quest for the Orb.
     0 | D:1      | Reached XP level 1. HP: 10/10 MP: 6/6
    46 | D:1      | You fall into a shaft and drop 1 floor!
   504 | D:1      | Reached XP level 2. HP: 15/15 MP: 6/8
  1022 | D:2      | Reached skill level 1 in Hexes
  1022 | D:2      | Reached XP level 3. HP: 15/20 MP: 4/9
  1275 | D:2      | Reached skill level 1 in Fighting
  1275 | D:2      | Reached skill level 5 in Conjurations
  1488 | D:2      | Learned a level 3 spell: Tukima's Dance
  1492 | D:2      | Learned a level 3 spell: Call Canine Familiar
  1807 | D:3      | Reached XP level 4. HP: 25/25 MP: 8/11
  2236 | D:3      | Reached XP level 5. HP: 15/29 MP: 3/12
  2349 | D:3      | Found a runed translucent door.
  2377 | D:3      | Noticed EC1's ghost (amateur HuMo)
  2730 | D:2      | Noticed a nameless horror
  2738 | D:2      | Gained mutation: You possess an exceptional clarity of
                  | mind. [potion of mutation]
  2738 | D:2      | Gained mutation: You are partially covered in iridescent
                  | scales. (AC +2) [potion of mutation]
  2738 | D:2      | Gained mutation: You are somewhat resistant to further
                  | mutation. [potion of mutation]
  2744 | D:2      | Killed EC1's ghost
  2745 | D:2      | Reached skill level 6 in Conjurations
  2745 | D:2      | Reached XP level 6. HP: 26/35 MP: 0/14
  2754 | D:2      | Killed a nameless horror
  2886 | D:3      | Found a runed translucent door.
  3599 | D:3      | Learned a level 5 spell: Freezing Cloud
  3912 | D:4      | Found a burning altar of Makhleb.
  3912 | D:4      | Noticed a cacodemon
  4068 | D:4      | Reached skill level 5 in Hexes
  4174 | D:4      | Found a shadowy altar of Dithmenos.
  4202 | D:4      | Noticed an ice beast
  4323 | D:4      | Reached XP level 7. HP: 25/40 MP: 6/16
  4509 | D:4      | Found a staircase to the Ecumenical Temple.
  4624 | Temple   | Entered the Ecumenical Temple
  4655 | Temple   | Became a worshipper of Ashenzari the Shackled
  4765 | D:4      | Reached skill level 5 in Spellcasting
  4891 | D:4      | Found a glowing golden altar of the Shining One.
  4928 | D:4      | Reached skill level 7 in Conjurations
  5043 | D:5      | Entered Level 5 of the Dungeon
  5058 | D:5      | Found a sacrificial altar of Ru.
  5289 | D:5      | Reached skill level 1 in Ice Magic
  6352 | D:5      | a water moccasin changed into a steam dragon
  6352 | D:5      | Noticed a steam dragon
  6359 | D:5      | HP: 2/41 [steam dragon/ball of steam (21)]
  6362 | D:5      | Killed from afar by a steam dragon

Illustrated notes

Levels and vault maps discovered:
D:1:      mainiacjoe_arrival_reflecting_pool, layout_basic
D:2:      layout_basic, minmay_liquid_box
D:3:      layout_basic, ebering_ghost_sewer_f
D:4:      layout_basic, tso_altar, nicolae_dithmenos_through_a_glass_darkly,
          makhleb_altar_promises_db, minmay_temple_entry_ruins
D:5:      layout_layer_cave, lemuel_doored_altar
Temple:   eino_temple_lava

Skill      XL: |  1  2  3  4  5  6  7 |
---------------+----------------------+-----
Hexes          | 1 2 3 4 5 |  5.0
Fighting       | 1 2 3 |  3.1
Conjurations   | 5 6 7 |  7.7
Spellcasting   | 4 5 |  5.9
Ice Magic      | 1 |  1.8
Dodging        | |  2.4
Stealth        | |  2.4

Action                     |  1- 3 |  4- 6 |  7- 9 || total
---------------------------+-------+-------+-------++-------
  Melee: Unarmed           |     1 |    23 |    13 ||    37
         Punch             |       |     1 |       ||     1
   Cast: Magic Dart        |    68 |    82 |    46 ||   196
         Call Canine Famil |     1 |    17 |    20 ||    38
         Tukima's Dance    |       |    16 |    13 ||    29
         Freezing Cloud    |       |       |     1 ||     1
 Invoke: Curse Item        |       |       |     1 ||     1
  Evoke: Wand              |       |       |     6 ||     6
    Use: Scroll            |     7 |     2 |     1 ||    10
         Potion            |       |     3 |     1 ||     4
 Armour: Robe              |     3 |    19 |     9 ||    31
  Dodge: Dodged            |    10 |    38 |    28 ||    76
  Block: Other             |     3 |    17 |    14 ||    34
         Reflection        |     1 |       |     2 ||     3
